 Dungeon Crawl Stone Soup version 0.21-a0-525-ga34b322 (webtiles) character file.

313 sighowe the Poker (level 6, -6/47 HPs)
             Began as a Demonspawn Gladiator on Dec 8, 2017.
             Killed by divine providence
             ... invoked by an orc priest
              (12 damage)
             ... on level 4 of the Dungeon.
             The game lasted 00:09:39 (2534 turns).

sighowe the Poker (Demonspawn Gladiator)            Turns: 2534, Time: 00:09:40

Health: -6/47      AC: 15    Str: 16    XL:     6   Next: 19%
Magic:  8/8        EV:  8    Int:  9    God:
Gold:   119        SH:  0    Dex: 15    Spells: 7/7 levels left

rFire    . . .     SeeInvis .   a - +1 trident
rCold    + . .     Gourm    .   (no shield)
rNeg     + . .     Faith    +   l - +0 chain mail
rPois    .         Spirit   .   c - +0 helmet
rElec    .         Reflect  .   (no cloak)
rCorr    .         Harm     .   r - +2 pair of gloves
MR       .....     Clarity  +   (no boots)
Stlth    ..........             q - amulet of faith
HPRegen  0.55/turn              n - ring of positive energy
MPRegen  0.11/turn              (no ring)

@: about to teleport
A: talons 2, yellow scales 2, clarity, cold resistance 1, regeneration 1
a: no special abilities


You were on level 4 of the Dungeon.
You were not hungry.

You visited 1 branch of the dungeon, and saw 4 of its levels.

You collected 119 gold pieces.

Inventory:

Hand Weapons
 a - a +1 trident (weapon)
 o - a +0 short sword
Missiles
 d - 3 throwing nets (quivered)
Armour
 b - a +0 leather armour
 c - a +0 helmet (worn)
 e - a +0 scale mail
 l - a +0 chain mail (worn)
 r - a +2 pair of gloves (worn)
Jewellery
 n - a ring of positive energy (left hand)
 q - an amulet of faith (around neck)
 t - a cursed -5 ring of evasion {unknown}
Scrolls
 h - 2 scrolls of fog
 k - a scroll of fear
 m - 2 scrolls of remove curse
 p - a scroll of magic mapping
Potions
 g - a potion of curing
 i - a potion of resistance
Comestibles
 f - a royal jelly
 s - 4 fruits


   Skills:
 + Level 3.1 Fighting
 + Level 5.0 Polearms
 + Level 2.0 Throwing
 - Level 0.3 Armour
 - Level 3.1 Dodging
 - Level 1.2 Stealth
 + Level 1.4 Spellcasting


You had 7 spell levels left.
You didn't know any spells.

Dungeon Overview and Level Annotations

Branches:
Dungeon (4/15)
 Temple: D:4-7

Altars:
Trog


Innate Abilities, Weirdness & Mutations

You have razor-sharp toenails.
You are mostly covered in yellow scales. (AC +3)
You possess an exceptional clarity of mind.
Your flesh is cold resistant. (rC+)
Your natural rate of healing is unusually fast.


Message History

Pain shoots through your body!
A quokka skeleton comes into view.
Attack whom?
Press: ? - help, Dir - move target cursor, f - orc priest
Aim: an orc priest, wearing a scale mail Your chain mail prevents you from hitting the orc priest.
You claw the orc priest, but do no damage.
The orc priest calls down the wrath of Beogh upon you.
Beogh smites you!
* * * LOW HITPOINT WARNING * * *
The orc priest closely misses you.
As you read the scroll of teleportation, it crumbles to dust.
You feel strangely unstable.
The orc priest invokes the aid of Beogh against you.
Beogh smites you!
* * * LOW HITPOINT WARNING * * *
The orc priest barely misses you.
The orc priest calls down the wrath of Beogh upon you.
Beogh smites you!
You die...

#........ ##......#
#####'### .. #........
... #........ ....
#######......#
.?..#######....##......#
..........#....##......#
.......@..'.............
...!......#.............
....##.oo.#.........>...
... #...##....###+#####
. ...o.####### .....Z.#
.........# # .........#
# ...###..## #


You could see 2 orc priests, an orc and a quokka skeleton.

Vanquished Creatures
  A black bear (D:4)
  A hound (D:3)
  An orc wizard (D:3)
  Jessica (D:2)
  A worker ant (D:4)
  4 adders (D:2)
  An ooze (D:1)
  2 worms (D:2)
  A dart slug (D:1)
  2 leopard geckos
  9 orcs (D:3)
  3 giant cockroaches
  7 goblins
  9 hobgoblins
  4 kobolds
  2 quokkas (D:2)
  A ball python (D:1)
  4 bats
  4 frilled lizards
  A rat (D:2)
59 creatures vanquished.

Vanquished Creatures (others)
  A wizard (D:3)
1 creature vanquished.

Grand Total: 60 creatures vanquished

Notes
Turn   | Place    | Note
-------+----------+-------------------------------------------
     0 | D:1      | sighowe the Demonspawn Gladiator began the quest for the Orb.
     0 | D:1      | Reached XP level 1. HP: 16/16 MP: 1/1
    71 | D:1      | Gained mutation: You are partially covered in yellow scales. (AC +2) [demonic ancestry]
    71 | D:1      | Reached XP level 2. HP: 10/22 MP: 2/2
   859 | D:1      | Reached XP level 3. HP: 24/27 MP: 3/3
   963 | D:1      | Gained mutation: You can translocate small distances at will. [potion of mutation]
   963 | D:1      | Gained mutation: Your body sometimes deteriorates upon taking damage. [potion of mutation]
   963 | D:1      | Gained mutation: Your flesh is cold resistant. (rC+) [potion of mutation]
   966 | D:1      | Lost mutation: Your body sometimes deteriorates upon taking damage. [potion of mutation]
   966 | D:1      | Lost mutation: You can translocate small distances at will. [potion of mutation]
   966 | D:1      | Gained mutation: You possess an exceptional clarity of mind. [potion of mutation]
   966 | D:1      | Gained mutation: Your natural rate of healing is unusually fast. [potion of mutation]
  1140 | D:2      | Reached skill level 3 in Polearms
  1227 | D:2      | Reached skill level 1 in Spellcasting
  1255 | D:2      | Noticed Jessica
  1261 | D:2      | Killed Jessica
  1261 | D:2      | Reached skill level 1 in Stealth
  1261 | D:2      | Gained mutation: You have sharp toenails. [demonic ancestry]
  1261 | D:2      | Reached XP level 4. HP: 33/33 MP: 5/5
  1710 | D:3      | Reached skill level 4 in Polearms
  1710 | D:3      | Gained mutation: You are mostly covered in yellow scales. (AC +3) [demonic ancestry]
  1710 | D:3      | Reached XP level 5. HP: 27/39 MP: 7/7
  1945 | D:3      | Found a bloodstained altar of Trog.
  1961 | D:3      | Noticed a wizard
  1963 | D:3      | Killed a wizard
  2394 | D:4      | Noticed a black bear
  2408 | D:4      | Killed a black bear
  2408 | D:4      | Gained mutation: You have razor-sharp toenails. [demonic ancestry]
  2408 | D:4      | Reached XP level 6. HP: 36/47 MP: 8/8
  2470 | D:4      | Reached skill level 5 in Polearms
  2534 | D:4      | Killed from afar by an orc priest

Vault maps used:
D:1:      dpeg_arrival_line_fractal, minmay_misc_feat_secret_circle
D:2:      uniq_jessica
D:3:      trog_wizard

Skill      XL: |  1  2  3  4  5  6 |
---------------+-------------------+-----
Dodging        | 3 |  3.1
Throwing       | 2 |  2.0
Polearms       | 3 4 5 |  5.0
Spellcasting   | 1 |  1.4
Stealth        | 1 |  1.2
Fighting       | 3 |  3.1
Armour         | |  0.3

Action                   |  1- 3 |  4- 6 || total
-------------------------+-------+-------++-------
Melee: Trident           |   113 |   115 ||   228
       Kick              |       |    33 ||    33
  Use: Scroll            |     4 |     5 ||     9
       Potion            |     4 |       ||     4
 Stab: Sleeping          |     2 |       ||     2
  Eat: Bread ration      |     1 |     1 ||     2
Armor: Leather armour    |    24 |       ||    24
       Scale mail        |     9 |       ||     9
       Chain mail        |     1 |   103 ||   104
Dodge: Dodged            |    85 |    45 ||   130

Table legend:
 A = Spawn XP
 B = Non-spawn XP
 C = Spawn XP percentage of total XP
 D = Spawn monster count
 E = Non-spawn monster count
 F = Spawn count percentage of total count
 G = Total turns spent on level
                    A         B        C        D         E        F      G
               +---------+---------+-------+---------+---------+-------+---------
         Total |       0 |     448 |   0.0 |       0 |      59 |   0.0 |  2534
               +---------+---------+-------+---------+---------+-------+---------
           D:1 |       0 |      42 |   0.0 |       0 |      20 |   0.0 |  1024
           D:2 |       0 |     122 |   0.0 |       0 |      19 |   0.0 |   644
           D:3 |       0 |     124 |   0.0 |       0 |      18 |   0.0 |   726
           D:4 |       0 |     160 |   0.0 |       0 |       2 |   0.0 |   140
               +---------+---------+-------+---------+---------+-------+---------
